[Event "Late-Titled-Tuesday-Blitz-September-19-2023"]
[Site "Chess.com"]
[Date "2023.09.19"]
[Round "1"]
[White "tgpgoat"]
[Black "maurovargas01"]
[Result "1-0"]
[WhiteElo "2509"]
[BlackElo "1871"]
[TimeControl "180+1"]
[EndTime "14:01:42 PDT"]
[Termination "tgpgoat won by checkmate"]

1. Nf3 Nc6 2. d4 d6 3. g3 e6 4. Bg2 Rb8 5. O-O b6 6. c4 Bb7 7. Nc3 f5 8. d5 exd5 9. cxd5 Ne5 10. Nxe5 dxe5 11. e4 f4 12. Qh5+ Kd7 13. Qxe5 Bd6 14. Bh3# 1-0

[Event "Late-Titled-Tuesday-Blitz-September-19-2023"]
[Site "Chess.com"]
[Date "2023.09.19"]
[Round "1"]
[White "cassoulet"]
[Black "Rakesh"]
[Result "1-0"]
[WhiteElo "2774"]
[BlackElo "2444"]
[TimeControl "180+1"]
[EndTime "14:01:45 PDT"]
[Termination "cassoulet won by resignation"]

1. d4 Nf6 2. Bg5 Ne4 3. Bf4 c5 4. e3 cxd4 5. exd4 d5 6. Nd2 Nxd2 7. Qxd2 Nc6 8. Nf3 Bg4 9. Be2 e6 10. c3 Bd6 11. Bg3 O-O 12. O-O Rc8 13. Rfe1 a6 14. Rad1 b5 15. a4 Rb8 16. axb5 axb5 17. Rc1 h6 18.
Ne5 Bxe2 19. Nxc6 Qc7 20. Nxb8 1-0

[Event "Late-Titled-Tuesday-Blitz-September-19-2023"]
[Site "Chess.com"]
[Date "2023.09.19"]
[Round "1"]
[White "Nathan_Filgueiras"]
[Black "Oleksandr_Bortnyk"]
[Result "0-1"]
[WhiteElo "2501"]
[BlackElo "3007"]
[TimeControl "180+1"]
[EndTime "14:01:49 PDT"]
[Termination "Oleksandr_Bortnyk won by resignation"]

1. e4 Nf6 2. e5 Nd5 3. d4 d6 4. c4 Nb6 5. exd6 exd6 6. Nc3 Be7 7.
Be3 O-O 8. Bd3 c6 9. Nge2 Na6 10. O-O d5 11. c5 Nd7 12. a3 Nc7 13. Qc2 g6 14. b4 Bf6 15. Rfe1 Re8 16. Ng3 Bg7 17.
f3 Rxe3 18. Rxe3 Bxd4 19. Qd2 Qf6 0-1

[Event "Late-Titled-Tuesday-Blitz-September-19-2023"]
[Site "Chess.com"]
[Date "2023.09.19"]
[Round "1"]
[White "midedu"]
[Black "santosalberto1987"]
[Result "0-1"]
[WhiteElo "2027"]
[BlackElo "2512"]
[TimeControl "180+1"]
[EndTime "14:01:49 PDT"]
[Termination "santosalberto1987 won by resignation"]

1. e4 e6 2. d3 d5 3. Nd2 Nf6 4. Ngf3 Nc6 5. c3 a5 6. e5 Nd7 7.
d4 f6 8. exf6 Qxf6 9. Bd3 Bd6 10. O-O O-O 11. Re1 e5 12. dxe5 Ndxe5 13. Be2 Bg4 14.
Rf1 Rae8 15. Nxe5 Qxe5 0-1

[Event "Late-Titled-Tuesday-Blitz-September-19-2023"]
[Site "Chess.com"]
[Date "2023.09.19"]
[Round "1"]
[White "SlipperySpeedster"]
[Black "TC2304"]
[Result "1-0"]
[WhiteElo "2658"]
[BlackElo "2376"]
[TimeControl "180+1"]
[EndTime "14:02:35 PDT"]
[Termination "SlipperySpeedster won by resignation"]

1. d4 d5 2. Nf3 Nf6 3. c3 c6 4. Bf4 Bf5 5. e3 e6 6. Nbd2 Nbd7 7. Be2 h6 8. h3 Be7 9. O-O O-O 10. Ne5 Ne4 11.
Nxd7 Qxd7 12. Nf3 Bd6 13. Ne5 Qc7 14. g4 Bh7 15. f3 Nf6 16. Qe1 Nd7 17. Qg3 Nxe5 18.
dxe5 Be7 19. h4 Qd8 20. g5 hxg5 21. hxg5 Bf5 22. Rf2 1-0

[Event "Late-Titled-Tuesday-Blitz-September-19-2023"]
[Site "Chess.com"]
[Date "2023.09.19"]
[Round "1"]
[White "temus_galaktionov"]
[Black "el_sporco"]
[Result "1-0"]
[WhiteElo "2827"]
[BlackElo "2469"]
[TimeControl "180+1"]
[EndTime "14:02:42 PDT"]
[Termination "temus_galaktionov won by resignation"]

1. d4 Nf6 2. Nf3 e6 3. c4 d5 4.
Nc3 Be7 5. Bf4 O-O 6. e3 c5 7. dxc5 Bxc5 8. cxd5 exd5 9. Bd3 Nc6 10. O-O a6 11. Rc1 Ba7 12. h3 d4 13. exd4 Nxd4 14. Nxd4 Bxd4 15. Qf3 Qb6 16. Na4 Qa5 17. b3 Bd7 18. Qxb7 Bxa4 19. bxa4 Qxa4 20. Rc4 1-0

[Event "Late-Titled-Tuesday-Blitz-September-19-2023"]
[Site "Chess.com"]
[Date "2023.09.19"]
[Round "1"]
[White "Ready4abattle"]
[Black "IMRosen"]
[Result "0-1"]
[WhiteElo "2321"]
[BlackElo "2595"]
[TimeControl "180+1"]
[EndTime "14:02:48 PDT"]
[Termination "IMRosen won by resignation"]

1. e4 e5 2. Nf3 Nf6 3. Nxe5 Nc6 4.
Nxc6 dxc6 5. d3 Bc5 6. Be3 Bxe3 7. fxe3 Ng4 8. Qe2 Qg5 9. Kd2 Nxh2 10. Rxh2 Qe5 11. Rh5 Qxb2 12. Nc3 Qxa1 13. Re5+ Be6 14.
Qg4 Qxf1 15. Qg3 O-O-O 16. Ra5 0-1

[Event "Late-Titled-Tuesday-Blitz-September-19-2023"]
[Site "Chess.com"]
[Date "2023.09.19"]
[Round "1"]
[White "Tonychess32"]
[Black "miraitrunks"]
[Result "1-0"]
[WhiteElo "2518"]
[BlackElo "2111"]
[TimeControl "180+1"]
[EndTime "14:02:50 PDT"]
[Termination "Tonychess32 won by resignation"]

1. e4 c6 2. d4 d5 3. e5 Bf5 4. Nf3 e6 5. Be2 c5 6. c3 cxd4 7. Nxd4 Nc6 8. Nxf5 exf5 9. O-O Nxe5 10. Re1 Be7 11.
Bb5+ Nc6 12. Bg5 f6 13. Bf4 Qd7 14. Qa4 Kf7 15. Nd2 a6 16. Nf3 g5 17. Bxg5 fxg5 18.
Ne5+ Nxe5 19. Bxd7 b5 20. Qd4 Bf6 21. Qxd5+ Kg7 22. Qxa8 1-0

[Event "Late-Titled-Tuesday-Blitz-September-19-2023"]
[Site "Chess.com"]
[Date "2023.09.19"]
[Round "1"]
[White "queen_iryna"]
[Black "atigerman"]
[Result "0-1"]
[WhiteElo "2364"]
[BlackElo "2648"]
[TimeControl "180+1"]
[EndTime "14:03:01 PDT"]
[Termination "atigerman won by resignation"]

1. e4 Nf6 2. e5 Nd5 3. d4 d6 4. c4 Nb6 5. exd6 cxd6 6. Nc3 g6 7. Be3 Bg7 8. Rc1 O-O 9. b3 Bf5 10. Nf3 Nc6 11. Be2 d5 12. c5 Nc8 13. O-O Bg4 14. a3 e6 15. b4 a6 16. h3 Bxf3 17. Bxf3 N8e7 18. Qb3 Nf5 19. Rfd1 Ncxd4 20. Bxd4 Nxd4 21.
Qb1 Nxf3+ 22. gxf3 Qg5+ 23. Kh2 Bxc3 24. Rxc3 Qe5+ 0-1

[Event "Late-Titled-Tuesday-Blitz-September-19-2023"]
[Site "Chess.com"]
[Date "2023.09.19"]
[Round "1"]
[White "lluiss"]
[Black "koncheto"]
[Result "0-1"]
[WhiteElo "2257"]
[BlackElo "2561"]
[TimeControl "180+1"]
[EndTime "14:03:08 PDT"]
[Termination "koncheto won by resignation"]

1. Nf3 Nf6 2. d4 e6 3. g3 c5 4. c4 cxd4 5. Qxd4 Nc6 6. Qd1 b6 7. Bg2 Bb7 8. O-O Be7 9. b3 O-O 10. Bb2 d5 11. cxd5 Nxd5 12. Nc3 Bf6 13. Qd2 Nxc3 14.
Bxc3 Qxd2 15. Bxd2 Bxa1 16. Rxa1 Rfd8 17. Bf4 Nd4 18.
Nxd4 Bxg2 19. Nxe6 fxe6 20. Kxg2 Rac8 21. a4 Rc2 22. Be3 Rb2 23. Rc1 Rxe2 24. Rc7 Rd3 25. Kf3 Ra2 26. Rxa7 Rxb3 27. Ra5 bxa5 0-1

[Event "Late-Titled-Tuesday-Blitz-September-19-2023"]
[Site "Chess.com"]
[Date "2023.09.19"]
[Round "1"]
[White "IMSlavin"]
[Black "marcodobrikov"]
[Result "0-1"]
[WhiteElo "2293"]
[BlackElo "2586"]
[TimeControl "180+1"]
[EndTime "14:03:17 PDT"]
[Termination "marcodobrikov won by resignation"]

1. e4 c6 2. d4 d5 3. e5 Bf5 4. Nf3 e6 5. Be2 c5 6. Be3 Nc6 7. O-O cxd4 8. Nxd4 Nxd4 9. Bxd4 Ne7 10. b3 Nc6 11. Bb2 Be7 12. Nd2 O-O 13. Nf3 Rc8 14. c4 dxc4 15. Bxc4 Qa5 16. Qe2 Bg4 17.
Rfe1 Bb4 18. Red1 Bxf3 19. Qxf3 Nxe5 20. Bxe5 Qxe5 21. Qxb7 Bc5 22. Rd7 Qxa1+ 0-1

[Event "Late-Titled-Tuesday-Blitz-September-19-2023"]
[Site "Chess.com"]
[Date "2023.09.19"]
[Round "1"]
[White "floplover"]
[Black "Tomytoteph"]
[Result "0-1"]
[WhiteElo "2266"]
[BlackElo "2576"]
[TimeControl "180+1"]
[EndTime "14:03:24 PDT"]
[Termination "Tomytoteph won by resignation"]

1. d4 Nf6 2. c4 e6 3. Nc3 Bb4 4. Qc2 O-O 5. e4 d5 6. e5 Ne4 7.
Bd3 c5 8. Nf3 cxd4 9. Nxd4 f5 10. exf6 Qxf6 11. Be3 e5 12. Nf3 Nxc3 13. bxc3 e4 14. Bd4 exd3 0-1

[Event "Late-Titled-Tuesday-Blitz-September-19-2023"]
[Site "Chess.com"]
[Date "2023.09.19"]
[Round "1"]
[White "Beca95"]
[Black "kreonx"]
[Result "1-0"]
[WhiteElo "2848"]
[BlackElo "2474"]
[TimeControl "180+1"]
[EndTime "14:03:34 PDT"]
[Termination "Beca95 won by checkmate"]

1. d4 Nf6 2. Bg5 d5 3. Nd2 e6 4. e4 dxe4 5. Nxe4 Be7 6. Bxf6 Bxf6 7. Nf3 O-O 8. c3 g6 9. Bd3 Bg7 10. h4 h5 11. Qe2 b6 12. O-O-O Bb7 13. Ne5 Nd7 14.
f4 Nxe5 15. dxe5 Qe7 16. g4 hxg4 17. h5 gxh5 18. Rxh5 Rfd8 19. Rg1 Kf8 20. Rxg4 Qd7 21. Bc2 Qd5 22. Rh7 Qxa2 23. Rgxg7 Qa1+ 24. Bb1 Rd7 25. Nf6 Rad8 26. Rg8+ Ke7 27. Rxf7+ Kxf7 28. Qh5+ Ke7 29. Qh7# 1-0

[Event "Late-Titled-Tuesday-Blitz-September-19-2023"]
[Site "Chess.com"]
[Date "2023.09.19"]
[Round "1"]
[White "KaydenTroffChess"]
[Black "GiorgianBarbosa"]
[Result "1-0"]
[WhiteElo "2785"]
[BlackElo "2453"]
[TimeControl "180+1"]
[EndTime "14:03:53 PDT"]
[Termination "KaydenTroffChess won by resignation"]

1. d4 Nf6 2. Nf3 e6 3. Bf4 c5 4. e3 b6 5. Nbd2 Bb7 6. Nc4 d5 7. Nce5 Nfd7 8. Bb5 Be7 9. Nxd7 Nxd7 10. Ne5 Bc8 11. Nc6 e5 12. Nxd8 exf4 13. Nc6 Bf6 14. Ne5 fxe3 15. fxe3 c4 16. Qg4 Bxe5 17. dxe5 a6 18.
Bc6 Ra7 19. Qxg7 Rf8 20. O-O Rc7 21. Bxd5 Rc5 22. Bxf7+ Rxf7 23. Qxf7+ Kd8 24. e6 1-0

[Event "Late-Titled-Tuesday-Blitz-September-19-2023"]
[Site "Chess.com"]
[Date "2023.09.19"]
[Round "1"]
[White "KamlaPasand"]
[Black "CarlssonLudvig"]
[Result "0-1"]
[WhiteElo "2431"]
[BlackElo "2724"]
[TimeControl "180+1"]
[EndTime "14:03:54 PDT"]
[Termination "CarlssonLudvig won by resignation"]

1. e4 e5 2. Nf3 Nf6 3. Nxe5 d6 4.
Nf3 Nxe4 5. Nc3 Nxc3 6. dxc3 Nc6 7. Bf4 Qf6 8. Qd2 h6 9. O-O-O Bd7 10. Bb5 O-O-O 11.
Rhe1 a6 12. Bc4 Be6 13. Bd5 Bxd5 14. Qxd5 g5 15. Bg3 Bg7 16. Nd4 Nxd4 17. cxd4 Rhe8 18. c3 Re6 19. Re3 Rde8 20. Rde1 h5 21. Rxe6 Rxe6 22. Rxe6 fxe6 23. Qe4 h4 24. f4 hxg3 25. hxg3 Bh6 26.
Qh7 gxf4 27. Qg8+ Kd7 28. Qh7+ Qg7 29. Qe4 fxg3+ 30. Kc2 Qf7 31. Qxb7 Qf5+ 32. Kb3 Qb5+ 33.
Qxb5+ axb5 34. c4 c6 35. Kb4 Bd2+ 36. Kb3 d5 37. cxb5 cxb5 38. Kc2 Be3 39. Kd3 Bf2 40. b3 b4 0-1

[Event "Late-Titled-Tuesday-Blitz-September-19-2023"]
[Site "Chess.com"]
[Date "2023.09.19"]
[Round "1"]
[White "Cipy77"]
[Black "SpeedofLight0"]
[Result "0-1"]
[WhiteElo "2505"]
[BlackElo "3091"]
[TimeControl "180+1"]
[EndTime "14:04:00 PDT"]
[Termination "SpeedofLight0 won by resignation"]

1. e4 d6 2. Nc3 Nf6 3. g3 c5 4.
Bg2 Nc6 5. d3 g6 6. Be3 Bg7 7. h3 O-O 8. Qd2 Rb8 9. a4 a6 10. f4 e5 11. Nd5 Nxd5 12. exd5 Nd4 13. Ne2 Nxe2 14. Qxe2 exf4 15. gxf4 Re8 16. c3 b5 17.
axb5 axb5 18. O-O b4 19. Qd2 bxc3 20. bxc3 Rb3 21. d4 Rxe3 22. Qxe3 Bxd4 23. cxd4 Rxe3 24. dxc5 dxc5 25. Ra8 Re2 26. Rb1 Rxg2+ 27. Kxg2 Qxd5+ 0-1

[Event "Late-Titled-Tuesday-Blitz-September-19-2023"]
[Site "Chess.com"]
[Date "2023.09.19"]
[Round "1"]
[White "Young_Catalan_Player09"]
[Black "maciek_92"]
[Result "0-1"]
[WhiteElo "2434"]
[BlackElo "2728"]
[TimeControl "180+1"]
[EndTime "14:04:01 PDT"]
[Termination "maciek_92 won by resignation"]

1. Nf3 Nf6 2. c4 e6 3. g3 b6 4. Bg2 Bb7 5. O-O Be7 6. d4 O-O 7. Nc3 Ne4 8. Bd2 d5 9. Ne5 Nd7 10. Nxd7 Qxd7 11. Nxe4 dxe4 12. Be3 f5 13. Qd2 Bf6 14.
Rfd1 Rad8 15. Rac1 Qe7 16. Qc2 g5 17. c5 Bd5 18. cxb6 cxb6 19. b3 Rd7 20. Qb2 Rfd8 21. Rd2 Qg7 22. Rcd1 f4 23. gxf4 gxf4 24. Bxf4 e3 25. Bg3 exd2 0-1

[Event "Late-Titled-Tuesday-Blitz-September-19-2023"]
[Site "Chess.com"]
[Date "2023.09.19"]
[Round "1"]
[White "Pingah9"]
[Black "campochess"]
[Result "1-0"]
[WhiteElo "2524"]
[BlackElo "2159"]
[TimeControl "180+1"]
[EndTime "14:04:04 PDT"]
[Termination "Pingah9 won by resignation"]

1. e4 c5 2. Nc3 Nc6 3. g3 g6 4.
Bg2 Bg7 5. d3 d6 6. Be3 Nf6 7. h3 Nd7 8. Qd2 h5 9. Nge2 Rb8 10. a4 b6 11. d4 cxd4 12. Nxd4 Nde5 13. b3 Bb7 14. f4 Nd7 15. O-O O-O 16. Nde2 Nc5 17.
Rae1 e5 18. f5 Rc8 19. Bh6 Bxh6 20. Qxh6 Qf6 21. Nd5 Qg7 22. Qg5 Nd4 23. Ne7+ Kh8 24. Nxd4 exd4 25. fxg6 Ne6 26. Qxh5+ 1-0

[Event "Late-Titled-Tuesday-Blitz-September-19-2023"]
[Site "Chess.com"]
[Date "2023.09.19"]
[Round "1"]
[White "Ali_rastbod"]
[Black "Slovak_fighter2000"]
[Result "0-1"]
[WhiteElo "2693"]
[BlackElo "2441"]
[TimeControl "180+1"]
[EndTime "14:04:16 PDT"]
[Termination "Slovak_fighter2000 won on time"]

1. d4 Nf6 2. Bg5 d5 3. Nd2 e6 4. e3 c5 5. c3 Be7 6. Bd3 O-O 7. f4 Nbd7 8. Ngf3 b6 9. O-O Bb7 10. Ne5 Ne4 11. Bxe7 Qxe7 12. Bxe4 dxe4 13. Nxd7 Qxd7 14. Qh5 cxd4 0-1

[Event "Late-Titled-Tuesday-Blitz-September-19-2023"]
[Site "Chess.com"]
[Date "2023.09.19"]
[Round "1"]
[White "KacperPolOK"]
[Black "ahkashefi2800"]
[Result "1-0"]
[WhiteElo "2409"]
[BlackElo "2621"]
[TimeControl "180+1"]
[EndTime "14:04:17 PDT"]
[Termination "KacperPolOK won by resignation"]

1. e4 c6 2. d4 d5 3. e5 Bf5 4. h4 h5 5. Bd3 Bxd3 6. Qxd3 e6 7.
Bg5 Qa5+ 8. Nd2 Qa6 9. c4 Bb4 10. b3 Ne7 11. Bxe7 Bxe7 12. Ngf3 Nd7 13. O-O Nf8 14. g3 Rh6 15. Qe3 Rg6 16. Rfc1 Qa5 17. a3 Qd8 18. Kh2 Rg4 19. b4 g5 20. hxg5 Ng6 21.
b5 cxb5 22. cxd5 Qxd5 1-0

[Event "Late-Titled-Tuesday-Blitz-September-19-2023"]
[Site "Chess.com"]
[Date "2023.09.19"]
[Round "1"]
[White "Chuchofrio1"]
[Black "HamedWafa4"]
[Result "0-1"]
[WhiteElo "2359"]
[BlackElo "2640"]
[TimeControl "180+1"]
[EndTime "14:04:23 PDT"]
[Termination "HamedWafa4 won by resignation"]

1. e4 e5 2. Nf3 Nc6 3. Bb5 a6 4. Ba4 Nf6 5. d3 d6 6. O-O b5 7.
Bb3 Na5 8. Nc3 Be7 9. Bg5 O-O 10.
Bxf6 Bxf6 11. Nd5 c6 12. Nxf6+ Qxf6 13. c3 Nxb3 14. Qxb3 Be6 15. Qc2 Kh8 16. d4 Bg4 17. dxe5 dxe5 18. Ne1 Rfd8 19. f3 Be6 20. b3 Qg5 21. Qe2 Rd2 22. f4 Rxe2 23. fxg5 Rd8 24. Rf2 Rxe4 25. Nf3 Rd3 0-1

[Event "Late-Titled-Tuesday-Blitz-September-19-2023"]
[Site "Chess.com"]
[Date "2023.09.19"]
[Round "1"]
[White "Chemim21"]
[Black "MFatigue"]
[Result "0-1"]
[WhiteElo "2250"]
[BlackElo "2554"]
[TimeControl "180+1"]
[EndTime "14:04:26 PDT"]
[Termination "MFatigue won by resignation"]

1. e4 e6 2. d4 d5 3. Nc3 Nf6 4. e5 Nfd7 5. f4 c5 6. Nf3 Nc6 7. Be3 a6 8. Qd2 b5 9. Qf2 Qb6 10. g4 cxd4 11. Bxd4 Bc5 12. Bxc5 Nxc5 13. O-O-O b4 14.
Nxd5 Nd3+ 15. Rxd3 Qxf2 16. Nc7+ Ke7 17. Nxa8 Rd8 0-1

[Event "Late-Titled-Tuesday-Blitz-September-19-2023"]
[Site "Chess.com"]
[Date "2023.09.19"]
[Round "1"]
[White "bascheyaro"]
[Black "Fleetw00dMac"]
[Result "1-0"]
[WhiteElo "2818"]
[BlackElo "2459"]
[TimeControl "180+1"]
[EndTime "14:04:34 PDT"]
[Termination "bascheyaro won by resignation"]

1. d4 Nf6 2. c4 g6 3. Nf3 Bg7 4. Nc3 O-O 5. Bf4 c5 6. d5 d6 7. Qd2 a6 8. e4 Nbd7 9. Bd3 Qa5 10. O-O b5 11. cxb5 axb5 12. Nxb5 Nxe4 13. Qe2 Ndf6 14.
a4 Bf5 15. Nh4 Qb4 16. Nxf5 gxf5 17. f3 Rxa4 18. Rxa4 Qxa4 19. fxe4 fxe4 20. Bc4 Rb8 21. b3 Qa5 22. Bg5 Rb7 23. Nxd6 1-0

[Event "Late-Titled-Tuesday-Blitz-September-19-2023"]
[Site "Chess.com"]
[Date "2023.09.19"]
[Round "1"]
[White "Msb2"]
[Black "Championnn-9"]
[Result "1-0"]
[WhiteElo "3089"]
[BlackElo "2504"]
[TimeControl "180+1"]
[EndTime "14:04:38 PDT"]
[Termination "Msb2 won by resignation"]

1. d4 Nf6 2. c4 d6 3. Nf3 Nbd7 4. Nc3 e5 5. Bg5 Be7 6. e3 O-O 7. Be2 c6 8. Qc2 Qc7 9. O-O h6 10. Bh4 Re8 11. Rad1 Bf8 12. h3 a6 13. a4 e4 14. Nd2 d5 15. Rc1 b6 16. cxd5 cxd5 17. Nxd5 Nxd5 18. Qxc7 Nxc7 19. Rxc7 Bd6 20. Rc6 Re6 21.
Rfc1 Bb7 22. R6c2 g5 23. Bg3 Bxg3 24. fxg3 Nf6 25. Rc7 Rb8 26. Bc4 Bd5 27. Rf1 Rf8 28.
Rxf6 Bxc4 29. Rxe6 Bxe6 30. Nxe4 Kg7 31. Nc3 Bb3 32. Rb7 Re8 33. Rxb6 Bc4 34. Kf2 h5 35. e4 g4 36. hxg4 hxg4 37. b4 Rc8 38. d5 Bd3 39. Rc6 Rb8 40. Ke3 Bf1 41. Kf2 Bd3 42. d6 Rxb4 43. d7 Rd4 44. Nd5 Rxe4 45. d8=Q Re2+ 46. Kg1 1-0

[Event "Late-Titled-Tuesday-Blitz-September-19-2023"]
[Site "Chess.com"]
[Date "2023.09.19"]
[Round "1"]
[White "Vaathi_Coming"]
[Black "2346PL"]
[Result "1-0"]
[WhiteElo "2869"]
[BlackElo "2476"]
[TimeControl "180+1"]
[EndTime "14:04:38 PDT"]
[Termination "Vaathi_Coming won by resignation"]

1. g3 f5 2. Nf3 Nf6 3. Bg2 g6 4.
O-O Bg7 5. d4 O-O 6. Nc3 d5 7.
a4 c6 8. Bf4 Bd7 9. a5 Be8 10. Ne5 h6 11. h4 Nfd7 12. Nxd5 cxd5 13. Bxd5+ Kh7 14. Bxb7 Nxe5 15. dxe5 Bc6 16. Qxd8 Rxd8 17. a6 Bd5 18. Rfd1 e6 19. c4 1-0

[Event "Late-Titled-Tuesday-Blitz-September-19-2023"]
[Site "Chess.com"]
[Date "2023.09.19"]
[Round "1"]
[White "kuli4ik"]
[Black "Road2GM3000"]
[Result "1-0"]
[WhiteElo "2963"]
[BlackElo "2499"]
[TimeControl "180+1"]
[EndTime "14:04:43 PDT"]
[Termination "kuli4ik won by resignation"]

1. Nf3 d5 2. g3 Nf6 3. Bg2 c5 4. O-O Nc6 5. d4 cxd4 6. Nxd4 Nxd4 7. Qxd4 e6 8. c4 dxc4 9. Qxc4 Be7 10. Nc3 O-O 11. Rd1 Bd7 12. Bxb7 Rb8 13. Bg2 Rc8 14. Qa6 Qc7 15. Bf4 e5 16. Bg5 Be6 17. Rac1 Rfd8 18. Nd5 Nxd5 19. Rxc7 Nxc7 20. Qxc8 Rxc8 21. Bxe7 Bxa2 22. Rc1 Be6 23. Bb7 1-0

[Event "Late-Titled-Tuesday-Blitz-September-19-2023"]
[Site "Chess.com"]
[Date "2023.09.19"]
[Round "1"]
[White "valemava"]
[Black "Mesa_1"]
[Result "0-1"]
[WhiteElo "2291"]
[BlackElo "2582"]
[TimeControl "180+1"]
[EndTime "14:04:51 PDT"]
[Termination "Mesa_1 won by checkmate"]

1. Nf3 Nf6 2. c4 g6 3. b3 Bg7 4.
Bb2 O-O 5. g3 d6 6. d4 e5 7.
dxe5 dxe5 8. Qxd8 Rxd8 9. Bxe5 Nc6 10. Bc3 Ne4 11. Bxg7 Kxg7 12. Nfd2 Nb4 13. Bg2 Nxd2 14. Nxd2 Nc2+ 15. Kd1 Nxa1 16. Kc1 Bf5 17. e4 Bg4 18. f3 Be6 19. Rd1 Rd4 20. Nb1 Rad8 21. Rxd4 Rxd4 22. Kb2 Rd1 23. Kxa1 Rg1 24. Kb2 Rxg2+ 25. Kc3 Rxh2 26. Nd2 Rg2 27. g4 h5 28. gxh5 gxh5 29. e5 h4 30. Ne4 h3 31. f4 h2 32. Nc5 h1=Q 33.
Kb4 Qe1+ 34. Ka4 Rxa2+ 35. Kb5 Ra5# 0-1

[Event "Late-Titled-Tuesday-Blitz-September-19-2023"]
[Site "Chess.com"]
[Date "2023.09.19"]
[Round "1"]
[White "ozates"]
[Black "szefru"]
[Result "1-0"]
[WhiteElo "2586"]
[BlackElo "2291"]
[TimeControl "180+1"]
[EndTime "14:04:54 PDT"]
[Termination "ozates won by resignation"]

1. e4 e5 2. Nc3 Nc6 3. g3 Nf6 4. Bg2 g6 5. d3 Bg7 6. Nge2 O-O 7.
h3 Nd4 8. Nxd4 exd4 9. Ne2 c5 10. O-O d5 11. e5 Ne8 12. f4 Be6 13. b4 b6 14. bxc5 bxc5 15. g4 Qd7 16. Ng3 f5 17.
exf6 Nxf6 18. f5 gxf5 19. Nxf5 Rf7 20. Bg5 Raf8 21. Qe2 Re8 22. Nxg7 Kxg7 23. Bxf6+ Rxf6 24. Qe5 1-0

[Event "Late-Titled-Tuesday-Blitz-September-19-2023"]
[Site "Chess.com"]
[Date "2023.09.19"]
[Round "1"]
[White "rychessmaster1"]
[Black "Superfelix"]
[Result "1-0"]
[WhiteElo "2751"]
[BlackElo "2441"]
[TimeControl "180+1"]
[EndTime "14:04:56 PDT"]
[Termination "rychessmaster1 won by resignation"]

1. d4 g6 2. e4 c6 3. c4 d5 4. Nc3 dxe4 5. Nxe4 Nf6 6. Nxf6+ exf6 7. Nf3 Bg7 8. Be2 O-O 9. O-O a5 10. Bf4 Na6 11. Qd2 Re8 12. Rad1 Be6 13. Rfe1 Nc7 14.
Bf1 a4 15. h3 b5 16. d5 cxd5 17. cxb5 Rb8 18. Qa5 Nxb5 19. Qxd8 Rexd8 20. Bxb8 Rxb8 21. Bxb5 Rxb5 22. Nd4 Rb6 23. Nxe6 fxe6 24. Rd4 Ra6 25. Rb4 e5 26. Rc1 Ra8 27. Rc7 d4 28. Kf1 f5 29.
Rbb7 Bf8 30. Rxh7 e4 31. Rhd7 d3 32. f3 Rc8 33. fxe4 fxe4 34. Rbc7 Rb8 35. Rc4 Rxb2 36. Rxe4 d2 37. Ke2 d1=Q+ 38. Kxd1 Rxg2 39. Rf4 Bh6 40. Rxa4 Rh2 41. Ra8+ Bf8 42. Rdd8 1-0

[Event "Late-Titled-Tuesday-Blitz-September-19-2023"]
[Site "Chess.com"]
[Date "2023.09.19"]
[Round "1"]
[White "Defend1r"]
[Black "Hrant_ChessMood"]
[Result "0-1"]
[WhiteElo "2490"]
[BlackElo "2912"]
[TimeControl "180+1"]
[EndTime "14:04:58 PDT"]
[Termination "Hrant_ChessMood won by resignation"]

1. e4 c6 2. d4 d5 3. Nc3 dxe4 4. Nxe4 Bf5 5. Nc3 e6 6. Nf3 Nf6 7. Bd3 Bg4 8. Be2 Bd6 9. h3 Bh5 10. Be3 Nbd7 11. Qd2 Qc7 12. g4 Bg6 13. Nh4 O-O-O 14.
Nxg6 hxg6 15. h4 Nb6 16. a3 e5 17. Kd1 exd4 18. Bxd4 Be5 19. Bxb6 Rxd2+ 20. Kxd2 axb6 21.
Rad1 Bf4+ 22. Ke1 Re8 23. Kf1 Be5 24. Rd3 Bxc3 25. Rxc3 Nd5 26. Rb3 Nf4 27. Bf3 Qd6 28. Re3 Rxe3 29. fxe3 Ne6 30. Ke2 Qe5 31. c3 Nf4+ 32.
Kd2 Qd6+ 33. Kc1 Qd3 34. Re1 Nd5 35. Bxd5 Qxd5 36. e4 Qe5 37. h5 gxh5 38. gxh5 Qxh5 0-1

[Event "Late-Titled-Tuesday-Blitz-September-19-2023"]
[Site "Chess.com"]
[Date "2023.09.19"]
[Round "1"]
[White "elpatodice"]
[Black "Dhaydon19"]
[Result "0-1"]
[WhiteElo "2379"]
[BlackElo "2669"]
[TimeControl "180+1"]
[EndTime "14:05:01 PDT"]
[Termination "Dhaydon19 won by resignation"]

1. e4 c6 2. d4 d5 3. Nd2 dxe4 4.
Nxe4 Nf6 5. Ng3 g6 6. Bc4 Bg7 7. Nf3 O-O 8. O-O Bg4 9. c3 Nbd7 10. h3 Bxf3 11. Qxf3 e5 12. Rd1 exd4 13. Rxd4 Nd5 14. Rd1 Ne5 15. Qe2 Nxc4 16. Qxc4 Qb6 17. Qb3 Rfe8 18. Qxb6 axb6 19. a3 b5 20. Kf1 f5 21.
Ne2 Re4 22. f3 Re7 23. Nf4 Nb6 24. Kf2 Nc4 25. Rb1 Rae8 26. b3 Nb6 27. Rd3 g5 28. Nh5 Re2+ 29. Kg1 Re1+ 30. Kh2 Be5+ 31. f4 gxf4 32. Rf3 Nd5 33. c4 Ne3 34. Bxe3 fxe3+ 35. g3 Rxb1 0-1

[Event "Late-Titled-Tuesday-Blitz-September-19-2023"]
[Site "Chess.com"]
[Date "2023.09.19"]
[Round "1"]
[White "hansen"]
[Black "TheoSlade"]
[Result "1-0"]
[WhiteElo "2931"]
[BlackElo "2494"]
[TimeControl "180+1"]
[EndTime "14:05:09 PDT"]
[Termination "hansen won by resignation"]

1. e4 e5 2. Nf3 Nc6 3. Bb5 g6 4. d4 exd4 5. Bg5 Be7 6. Bxc6 dxc6 7. Bxe7 Nxe7 8. Qxd4 Qxd4 9. Nxd4 O-O 10. Nc3 Rd8 11.
O-O-O Be6 12. h4 Kg7 13. Nce2 Rd6 14. Nf4 Bc4 15. b3 Ba6 16. e5 Rd5 17. Nxd5 cxd5 18. h5 c5 19. h6+ Kf8 20. Nf3 Be2 21. Rd2 Bxf3 22. gxf3 d4 23. c3 Nf5 24. cxd4 cxd4 25. f4 Rc8+ 26. Rc2 Rxc2+ 27. Kxc2 Ke7 28. Kd3 Ke6 29.
Ke4 f6 30. Rc1 Nxh6 31. Kxd4 Nf5+ 32. Ke4 fxe5 33. fxe5 Kd7 34. Rh1 h6 35. Rg1 Ne7 36.
Rd1+ Ke6 37. Rd6+ Kf7 38. Rd7 1-0

[Event "Late-Titled-Tuesday-Blitz-September-19-2023"]
[Site "Chess.com"]
[Date "2023.09.19"]
[Round "1"]
[White "GMBenjaminBok"]
[Black "czasnaszachy"]
[Result "1-0"]
[WhiteElo "2950"]
[BlackElo "2495"]
[TimeControl "180+1"]
[EndTime "14:05:10 PDT"]
[Termination "GMBenjaminBok won by resignation"]

1. d4 Nf6 2. c4 e6 3. Nc3 Bb4 4. Qc2 c5 5. dxc5 O-O 6. a3 Bxc5 7. Nf3 b6 8. Bf4 Bb7 9. Rd1 Bxf3 10. exf3 Nc6 11.
Bd3 h6 12. O-O Bd4 13. Rfe1 d6 14. Nb5 e5 15. Be3 Bxe3 16. fxe3 Kh8 17. Be4 Nxe4 18. Qxe4 Na5 19. b4 f5 20. Qd5 Nb3 21. Qd3 a6 22.
Nxd6 Nd4 23. exd4 Qxd6 24. dxe5 Qe6 25. Qd5 Rfe8 26. Qxe6 Rxe6 27. Rd6 Re7 28. Rxb6 1-0